Map: Blackpink LE

Players

Neeb - Winner!

  • Race: Protoss Protoss
  • Spawn Location: 7:00

Nerchio

  • Race: Zerg Zerg
  • Spawn Location: 1:00

Event: IEM Season 12 - Katowice

VOD

Have the link to the VOD?

Description

Time

  • Played on: March 2, 2018, 5:39 a.m.
  • Length: 12:23

All games in this series

Show
View Real Time Build Order
Export as new Build Order

Neeb Protoss - Winner!

Build Orders: 1 Gate Expand, Oracle Opening, Phoenix Opening, Archon Immortal 

Get SALT Encoding   

  12  0:00  Probe  
  13  0:12  Probe  
  14  0:20  Pylon  
  14  0:24  Probe  
  15  0:31  Assimilator  
  15  0:38  Probe (Chrono Boost)  
  16  0:43  Gateway  
  16  0:47  Probe (Chrono Boost)  
  17  0:52  Probe (Chrono Boost)  
  18  1:04  Probe  
  19  1:16  Probe  
  20  1:24  Nexus  
  20  1:32  Cybernetics Core  
  20  1:34  Probe  
  20  1:39  Assimilator  
  21  1:46  Probe  
  22  1:49  Pylon  
  22  1:58  Probe  
  23  2:07  Adept (Chrono Boost)  
  23  2:13  Probe, Stargate  
  26  2:19  Warp Gate  
  26  2:25  Probe, Adept (Chrono Boost)  
  29  2:36  Probe (Chrono Boost)  
  30  2:38  Probe (Chrono Boost)  
  31  2:46  Adept (Chrono Boost)  
  31  2:48  Probe (Chrono Boost)  
  35  2:55  Probe (Chrono Boost)  
  35  2:56  Probe (Chrono Boost)  
  39  2:58  Oracle (Chrono Boost)  
  39  3:01  Probe  
  40  3:06  Pylon  
  40  3:07  Probe  
  41  3:13  Probe  
  41  3:19  Probe  
  43  3:23  Gateway  
  43  3:25  Probe  
  44  3:29  Phoenix (Chrono Boost)  
  44  3:31  Probe  
  47  3:37  Pylon  
  47  3:38  Probe  
  48  3:43  Probe  
  48  3:47  Oracle (Chrono Boost)  
  48  3:48  Gateway  
  52  3:52  Probe  
  52  3:55  Probe  
  54  3:57  Assimilator  
  54  3:59  Assimilator  
  54  4:04  Probe  
  54  4:07  Probe, Pylon  
  56  4:10  Robotics Facility  
  56  4:16  Probe  
  57  4:19  Probe  
  57  4:23  Twilight Council  
  58  4:28  Adept x2, Probe  
  63  4:34  Probe  
  64  4:41  Probe  
  65  4:50  Nexus  
  65  4:51  Probe, Pylon  
  66  4:53  Probe  
  67  5:04  Pylon  
  67  5:06  Probe  
  69  5:07  Immortal (Chrono Boost)  
  69  5:12  Probe  
  69  5:16  Sentry x2  
  69  5:18  Probe  
  69  5:19  Shield Battery  
  70  5:21  Pylon  
  70  5:22  Zealot  
  70  5:27  Probe  
  73  5:30  Probe  
  73  5:34  Pylon  
  72  5:38  Immortal (Chrono Boost)  
  72  5:42  Probe  
  78  5:46  Templar Archives  
  78  5:49  Forge  
  77  5:51  Probe  
  77  5:54  Zealot  
  77  5:56  Probe  
  81  6:02  Probe, Charge  
  81  6:03  Probe  
  83  6:08  Probe  
  83  6:09  Observer (Chrono Boost), Assimilator  
  83  6:10  Assimilator  
  85  6:14  Probe  
  85  6:15  Probe, Pylon  
  87  6:21  Probe, Immortal  
  87  6:24  High Templar  
  87  6:25  High Templar  
  96  6:26  Probe  
  96  6:27  Probe  
  98  6:32  High Templar  
  98  6:33  Probe, Pylon  
  98  6:38  Probe, Protoss Ground Weapons Level 1 (Chrono Boost)  
  98  6:39  Probe  
  103  6:40  Psionic Storm  
  103  6:45  Probe  
  104  6:50  Immortal (Chrono Boost)  
  104  6:51  Probe, Pylon  
  104  6:54  Pylon  
  106  6:56  Gateway  
  106  6:57  Gateway  
  109  7:06  Zealot, High Templar  
  109  7:07  Zealot  
  115  7:11  Gateway  
  115  7:16  Gateway  
  115  7:20  Gateway  
  115  7:25  Photon Cannon  
  115  7:26  Warp Prism (Chrono Boost)  
  115  7:29  High Templar x2  
  119  7:37  Probe  
  119  7:38  Probe  
  119  7:41  Zealot  
  123  7:48  Nexus  
  123  7:50  Gateway  
  123  7:53  Probe x2  
  123  7:55  Pylon  
  123  7:56  Pylon  
  125  7:59  High Templar x2  
  125  8:02  Immortal  
  125  8:03  Archon  
  125  8:04  Zealot, High Templar  
  125  8:05  Zealot  
  139  8:08  Zealot  
  139  8:16  Photon Cannon  
  139  8:17  Photon Cannon  
  139  8:18  Probe  
  142  8:21  Shield Battery  
  142  8:23  Photon Cannon  
  142  8:25  High Templar x2  
  144  8:30  Archon  
  144  8:34  Zealot x5  
  144  8:39  Protoss Ground Weapons Level 2 (Chrono Boost)  
  144  8:41  Immortal (Chrono Boost)  
  152  8:55  Zealot x6  
  162  9:12  High Templar  
  162  9:13  High Templar  
  162  9:15  Pylon  
  162  9:16  Immortal (Chrono Boost)  
  168  9:17  Archon  
  168  9:18  Pylon  
  168  9:21  Probe  
  151  9:28  Zealot x7  
  151  9:29  Probe  
  144  9:31  Probe  
  145  9:39  Immortal  
  145  9:43  Probe  
  144  9:48  High Templar  
  144  9:49  High Templar x3  
  144  9:51  Assimilator  
  144  9:52  Assimilator  
  150  9:57  Pylon  
  144  10:09  Zealot x5  
  152  10:14  Archon x2  
  152  10:16  Photon Cannon  
  152  10:17  Photon Cannon  
  150  10:21  Immortal  
  150  10:27  Photon Cannon x2  
  150  10:28  High Templar x4  
  162  10:35  Archon  
  162  10:37  Probe x2  
  162  10:38  Probe  
  160  10:44  Zealot x3, High Templar x2  
  160  10:48  Archon x2  
  167  10:58  Fleet Beacon  
  167  10:59  Nexus  
  167  11:01  Immortal  
  167  11:03  Zealot x2  
  167  11:04  Zealot x2  
  177  11:09  Zealot x3  
  171  11:19  Zealot x2  
  173  11:32  Zealot x7  
  186  11:38  Nexus  
  186  11:40  Pylon, Immortal  
  186  11:44  Pylon  
  192  11:51  Zealot x2  
  192  11:52  Stargate  
  192  11:53  Stargate  
  144  12:17  Archon x2  
  144  12:18  Archon  
  144  12:20  Zealot x9  
Show
View Real Time Build Order
Export as new Build Order

Nerchio Zerg 

Build Orders: Hatch First 

Get SALT Encoding   

  12  0:00  Drone  
  13  0:12  Overlord  
  13  0:17  Drone  
  14  0:31  Drone x2  
  14  0:34  Drone  
  17  0:53  Hatchery  
  17  0:56  Drone  
  17  0:59  Drone  
  18  1:09  Extractor  
  17  1:14  Spawning Pool  
  17  1:17  Drone  
  17  1:20  Drone  
  18  1:28  Drone  
  19  1:38  Drone  
  20  1:49  Hatchery  
  20  1:51  Drone  
  20  2:04  Queen  
  20  2:06  Zergling x2  
  23  2:11  Metabolic Boost  
  23  2:15  Drone  
  24  2:18  Drone  
  25  2:23  Overlord  
  25  2:31  Queen  
  25  2:37  Zergling x2  
  28  2:41  Zergling x2  
  28  2:42  Zergling x2  
  28  2:44  Drone  
  31  2:46  Drone  
  31  2:48  Drone  
  33  2:54  Overlord  
  33  2:59  Drone  
  33  3:03  Queen  
  36  3:07  Drone  
  36  3:08  Drone  
  36  3:12  Drone x2  
  40  3:15  Drone  
  40  3:17  Drone  
  43  3:20  Drone  
  43  3:21  Drone  
  43  3:26  Queen  
  44  3:31  Spore Crawler  
  45  3:37  Drone x2  
  45  3:38  Spore Crawler  
  45  3:40  Overlord  
  46  3:42  Drone  
  46  3:45  Drone x2  
  46  3:47  Drone  
  50  3:50  Overlord  
  50  3:54  Overlord  
  50  3:59  Drone x3  
  50  4:02  Drone  
  53  4:04  Drone x2  
  55  4:11  Baneling Nest  
  55  4:12  Overlord  
  55  4:14  Drone  
  55  4:17  Spore Crawler  
  55  4:18  Drone x2  
  55  4:20  Drone  
  55  4:21  Drone  
  55  4:22  Drone  
  59  4:26  Lair  
  59  4:28  Extractor  
  59  4:30  Extractor  
  57  4:31  Drone x2  
  57  4:32  Drone  
  57  4:38  Zergling x8  
  60  4:39  Zergling x2  
  60  4:40  Zergling x2  
  60  4:42  Zergling x2  
  60  4:43  Zergling x2  
  60  4:44  Zergling x2  
  67  4:49  Overlord  
  67  4:50  Zergling x6  
  70  4:54  Queen  
  70  4:56  Zergling x2  
  69  5:00  Zergling x8  
  68  5:08  Drone x2  
  68  5:09  Drone x2  
  68  5:10  Drone  
  68  5:11  Drone  
  69  5:14  Drone  
  69  5:16  Queen  
  69  5:19  Drone x2  
  73  5:31  Hatchery  
  73  5:33  Drone x3  
  73  5:34  Hydralisk Den  
  70  5:35  Drone  
  70  5:40  Drone  
  70  5:41  Drone x2  
  70  5:42  Drone x2  
  75  5:47  Extractor  
  72  5:51  Drone  
  72  5:52  Drone, Extractor  
  72  6:03  Drone x4  
  76  6:05  Grooved Spines  
  76  6:07  Extractor  
  76  6:08  Centrifical Hooks  
  76  6:09  Drone x3  
  76  6:10  Drone x4, Evolution Chamber  
  76  6:11  Evolution Chamber  
  80  6:13  Overlord  
  80  6:14  Overlord  
  80  6:15  Overlord  
  80  6:23  Overlord x2  
  80  6:34  Hydralisk x4  
  80  6:39  Drone x5  
  93  6:41  Zerg Missile Weapons Level 1  
  93  6:43  Baneling Nest  
  93  6:44  Spore Crawler  
  87  6:47  Drone x3  
  87  6:48  Drone  
  87  6:53  Zerg Melee Weapons Level 1  
  90  6:55  Hydralisk  
  90  6:56  Hydralisk  
  94  7:01  Queen, Hydralisk  
  94  7:03  Hydralisk  
  94  7:07  Hydralisk  
  102  7:10  Hydralisk  
  102  7:11  Hydralisk  
  102  7:14  Hydralisk  
  108  7:18  Pneumatized Carapace  
  108  7:20  Hydralisk x2  
  108  7:22  Zergling x4  
  113  7:23  Zergling x2  
  113  7:24  Zergling x2  
  113  7:25  Zergling x2  
  113  7:28  Zergling x6  
  113  7:29  Zergling x2  
  120  7:34  Zergling x6  
  120  7:36  Overlord, Zergling x6  
  126  7:40  Muscular Augments  
  126  7:47  Zergling x4  
  126  7:49  Overlord  
  126  7:50  Overlord  
  128  7:57  Drone x6  
  128  7:58  Drone  
  135  8:02  Overlord  
  135  8:06  Hydralisk x2  
  135  8:08  Hatchery, Hydralisk  
  135  8:12  Baneling x3  
  139  8:13  Baneling x4  
  139  8:15  Extractor  
  139  8:17  Hydralisk x2  
  142  8:26  Infestation Pit  
  141  8:31  Zergling x2  
  141  8:32  Zergling x22  
  153  8:37  Overlord  
  153  8:41  Zergling x2  
  146  8:42  Zergling x2  
  146  8:43  Zergling x2  
  146  8:46  Zergling x2  
  146  8:47  Zerg Missile Weapons Level 2, Zerg Melee Weapons Level 2  
  149  8:52  Baneling x14  
  149  8:53  Baneling, Zergling x4  
  151  8:57  Baneling x7  
  151  8:58  Baneling x3  
  151  9:00  Zergling x4  
  151  9:01  Zergling x2  
  153  9:03  Zergling x4  
  153  9:05  Baneling x5  
  130  9:26  Zergling x2  
  130  9:27  Zergling x28  
  115  9:32  Hydralisk  
  115  9:34  Hydralisk x2  
  115  9:37  Hydralisk  
  115  9:38  Hydralisk  
  121  9:41  Hydralisk  
  121  9:44  Hydralisk  
  121  9:45  Hydralisk  
  118  9:48  Hydralisk x2  
  118  9:52  Hydralisk  
  116  9:54  Hydralisk  
  116  9:55  Hive, Hydralisk  
  116  9:57  Hydralisk  
  116  9:58  Hydralisk  
  126  10:03  Overlord, Hydralisk x2  
  126  10:04  Hydralisk  
  126  10:06  Hydralisk x2  
  135  10:10  Hydralisk x2  
  135  10:12  Hydralisk  
  141  10:15  Hydralisk  
  141  10:19  Drone x5  
  141  10:20  Drone  
  148  10:23  Extractor  
  148  10:26  Overseer  
  145  10:30  Drone x3  
  145  10:31  Zergling x10  
  145  10:34  Hydralisk  
  152  10:37  Zergling x6  
  152  10:39  Zergling x4  
  152  10:40  Zergling x2  
  152  10:42  Zergling x4  
  150  10:43  Zergling x2  
  150  10:46  Zergling x6  
  150  10:48  Zergling x2  
  156  10:50  Zergling x4  
  156  10:51  Overlord  
  156  10:53  Overlord  
  156  10:55  Overlord  
  156  10:56  Overlord  
  157  10:58  Overlord  
  154  11:09  Zergling x10  
  154  11:10  Zergling x6  
  161  11:14  Zergling x16  
  161  11:15  Zergling x2  
  161  11:17  Pathogen Glands  
  170  11:32  Zergling x2  
  168  11:33  Zergling x6  
  168  11:34  Zergling x22  
  168  11:35  Zergling x2  
  168  11:37  Baneling x13  
  173  11:40  Baneling x3  
  173  11:43  Zergling x4  
  173  11:44  Zergling x6  
  173  11:46  Zergling x2  
  173  11:48  Zergling x6  
  173  11:49  Zergling x2  
  173  11:50  Zergling x2  
  173  11:52  Zergling x6  
  173  11:57  Zergling x8  

Tags
 
Add a new tag
Caveats
  • Supply blocks, unpowered buildings, or Contaminate may cause inaccurate times.
  • Supply counts are checked every 10 seconds.